[Event "FIDE WCCC Girls-10 2024"]
[Site "Montesilvano"]
[Date "2024.11.18"]
[Round "4.45"]
[White "Deviatkova, Diana"]
[Black "Foong, Livia"]
[Result "0-1"]
[Annotator "NA RC"]
[ECO "C01"]
[WhiteElo "1503"]
[BlackElo "1461"]
[PlyCount "92"]
[EventDate "2024.11.18"]
[EventType "swiss"]
[EventCountry "ITA"]
[SourceTitle "playchess.com"]
[Source "ChessBase"]
[SourceQuality "1"]
[TimeControl "5400+30"]

1. e4 e6 2. d4 d5 3. Bd3 dxe4 4. Bxe4 c5 5. c3 Nf6 6. f3 Be7 7. Be3 Qb6 8. Qc2 Nc6 9. Ne2 O-O 10. Nd2 Bd7 11. Nb3 cxd4 12. Nbxd4 Rfe8 13. O-O e5 14. Nf5 Bc5 15. Qc1 Bxf5 16. Bxc5 Qxc5+ 17. Kh1 Bxe4 18. fxe4 Nxe4 19. h3 Nf2+ 20. Kh2 Nd3 21. Qc2 e4 22. Kh1 Nf2+ 23. Kh2 Qe5+ 24. Kg1 Nd3 25. Kh1 Re6 26. a3 Rg6 27. Nd4 Nxd4 28. cxd4 Qxd4 29. Rad1 Qxb2 30. Qxb2 Nxb2 31. Rd7 b6 32. Rdxf7 e3 33. Re7 Nc4 34. Re1 Rc8 35. Rc1 Kf8 36. Re4 b5 37. Rf1+ Kg8 38. Rc1 Rf6 39. Re7 Rf2 40. Re1 Kf8 41. Re4 Rd8 42. Kg1 Rdd2 43. h4 Rxg2+ 44. Kh1 Rh2+ 45. Kg1 Rdg2+ 46. Kf1 Nd2# 0-1

[Event "FIDE WCCC Girls-10 2024"]
[Site "Montesilvano"]
[Date "2024.11.20"]
[Round "6.1"]
[White "Cetin, Beren"]
[Black "Berikkyzy Alanna"]
[Result "0-1"]
[Annotator "RC"]
[ECO "B24"]
[WhiteElo "1658"]
[BlackElo "2043"]
[PlyCount "68"]
[EventDate "2024.11.18"]
[EventType "swiss"]
[EventCountry "ITA"]
[SourceTitle "playchess.com"]
[Source "ChessBase"]
[SourceQuality "1"]
[TimeControl "5400+30"]

1. e4 c5 2. Nc3 e6 3. Nge2 Nc6 4. g3 d5 5. exd5 exd5 6. d4 Nf6 7. Bg2 cxd4 8. Nxd4 Bb4 9. O-O O-O 10. Bg5 Be7 11. Re1 h6 12. Bf4 Bc5 13. Be3 Bg4 14. Qd2 Bb6 15. Na4 Bc7 16. Nc5 Ne5 17. h3 Nc4 18. Qc3 Bd7 19. b3 Ba5 20. b4 Bb6 21. g4 Nd6 22. Bf4 Bxc5 23. Qxc5 Nde4 24. Bxe4 dxe4 25. Rad1 Rc8 26. Qd6 Re8 27. Be5 Nxg4 28. Bg3 Nf6 29. Kh2 Qe7 30. Nb3 Qxd6 31. Rxd6 Rxc2 32. Bh4 Bc6 33. Nd4 Rd2 34. Rg1 e3 0-1

[Event "FIDE WCCC Girls-10 2024"]
[Site "Montesilvano"]
[Date "2024.11.20"]
[Round "6.2"]
[White "Yang, Aimee"]
[Black "Sholpanbek, Zhansaya"]
[Result "1/2-1/2"]
[Annotator "NA RC"]
[ECO "E68"]
[WhiteElo "1864"]
[BlackElo "1657"]
[PlyCount "186"]
[EventDate "2024.11.18"]
[EventType "swiss"]
[EventCountry "ITA"]
[SourceTitle "playchess.com"]
[Source "ChessBase"]
[SourceQuality "1"]
[TimeControl "5400+30"]

1. d4 Nf6 2. c4 g6 3. g3 Bg7 4. Bg2 O-O 5. Nc3 d6 6. Nf3 Nbd7 7. O-O e5 8. e4 c6 9. Re1 exd4 10. Nxd4 Ng4 11. Nxc6 bxc6 12. Qxg4 Ne5 13. Qd1 Nxc4 14. Qc2 Be6 15. Bf4 Rb8 16. b3 Qa5 17. Rac1 g5 18. Be3 Nxe3 19. Rxe3 d5 20. Rd3 Rbc8 21. Na4 dxe4 22. Bxe4 Qb4 23. Rdd1 f5 24. Bxc6 Rc7 25. Qe2 Bf7 26. Bd5 Rd7 27. Bxf7+ Rdxf7 28. Qe6 Kh8 29. Rc8 Rxc8 30. Qxc8+ Rf8 31. Qc5 Qb7 32. Qd5 Qe7 33. Nc5 Bf6 34. Nd7 Rf7 35. Qd6 Kg7 36. Qxe7 Rxe7 37. Kf1 Bc3 38. Nc5 Bb4 39. Rd5 Kf6 40. Nd3 Bc3 41. b4 Ba1 42. a4 Bc3 43. Rc5 Bd4 44. Rc8 Ke6 45. Rg8 Bf6 46. Nc5+ Kf7 47. Rb8 Bd4 48. a5 Bc3 49. Nd3 Kf6 50. Kg2 Kf7 51. Nc5 Kf6 52. a6 Bd4 53. Kf1 Kf7 54. Na4 Kg6 55. b5 h6 56. b6 axb6 57. Nxb6 Ra7 58. Nd5 Rxa6 59. Rb4 Bc5 60. Rc4 Ba7 61. Rc2 Bd4 62. Ke2 Rd6 63. Nb4 Rb6 64. Nc6 Bf6 65. Kd3 Rb1 66. f3 Rf1 67. Ke3 Re1+ 68. Kf2 Rh1 69. Kg2 Rb1 70. Kf2 Rh1 71. Kg2 Rb1 72. Na5 Rb2 73. Rxb2 Bxb2 74. Kf2 Bc3 75. Nc4 Kf6 76. Ke3 Ke6 77. Kd3 Bg7 78. Ne3 Ba1 79. Ng2 Ke5 80. Ne3 Ke6 81. Kc4 Be5 82. Kd3 Ba1 83. Nc4 Bg7 84. Ke3 Ba1 85. Nd2 Bh8 86. Nb3 Bg7 87. Nd2 Kd5 88. Kd3 Bh8 89. Nf1 Ba1 90. Ne3+ Ke6 91. Nf1 Bh8 92. Ke3 Ba1 93. Nd2 Ke5 1/2-1/2

[Event "FIDE WCCC Girls-10 2024"]
[Site "Montesilvano"]
[Date "2024.11.20"]
[Round "6.3"]
[White "Yunker, Alisa Genrietta"]
[Black "Wang, Yi Xuan"]
[Result "1-0"]
[Annotator "NA RC"]
[ECO "D32"]
[WhiteElo "1872"]
[BlackElo "1668"]
[PlyCount "125"]
[EventDate "2024.11.18"]
[EventType "swiss"]
[EventCountry "ITA"]
[SourceTitle "playchess.com"]
[Source "ChessBase"]
[SourceQuality "1"]
[TimeControl "5400+30"]

1. d4 d5 2. c4 c5 3. Nc3 e6 4. cxd5 exd5 5. Bf4 Nc6 6. Nf3 Nf6 7. e3 a6 8. dxc5 Bxc5 9. Be2 O-O 10. O-O d4 11. exd4 Nxd4 12. Nxd4 Qxd4 13. Qxd4 Bxd4 14. Bf3 Ra7 15. Rac1 Be6 16. Rfd1 Bxc3 17. Rxc3 Bxa2 18. b3 Re8 19. g3 b5 20. Ra1 b4 21. Rd3 Bxb3 22. Rxb3 a5 23. Rxb4 axb4 24. Rxa7 b3 25. Rb7 h6 26. Rxb3 g5 27. Be3 g4 28. Bc6 Rc8 29. Rb6 Rd8 30. Bf4 Rd1+ 31. Kg2 h5 32. Ba4 Rd4 33. Rxf6 Rxa4 34. Rf5 h4 35. gxh4 Kg7 36. Kg3 Kg6 37. Kxg4 Ra2 38. h5+ Kg7 39. Be5+ Kh6 40. Rf6+ Kh7 41. Rxf7+ Kg8 42. Rf4 Ra5 43. Rf5 Ra4+ 44. Kg5 Ra6 45. Rf6 Ra5 46. f4 Ra2 47. Rg6+ Kf7 48. Kf5 Rxh2 49. Rg7+ Kf8 50. Rg5 Kf7 51. Kg4 Rg2+ 52. Kf3 Ra2 53. h6 Ra3+ 54. Kg4 Ra2 55. h7 Rg2+ 56. Kf5 Rh2 57. h8=Q Rxh8 58. Bxh8 Ke7 59. Be5 Kf7 60. Rg7+ Ke8 61. Ke6 Kf8 62. Rg1 Ke8 63. Rg8# 1-0

[Event "FIDE WCCC Girls-10 2024"]
[Site "Montesilvano"]
[Date "2024.11.20"]
[Round "6.4"]
[White "Jaksa, Ema"]
[Black "Tselmuun, Ider"]
[Result "0-1"]
[Annotator "NA RC"]
[ECO "C01"]
[WhiteElo "1635"]
[BlackElo "1846"]
[PlyCount "70"]
[EventDate "2024.11.18"]
[EventType "swiss"]
[EventCountry "ITA"]
[SourceTitle "playchess.com"]
[Source "ChessBase"]
[SourceQuality "1"]
[TimeControl "5400+30"]

1. e4 e6 2. e5 d6 3. exd6 Bxd6 4. d4 Nf6 5. Nf3 O-O 6. Bd3 c5 7. dxc5 Bxc5 8. O-O Qc7 9. Nc3 a6 10. Bg5 Nbd7 11. Qe2 h6 12. Bh4 b5 13. Bg3 Qa7 14. Ne4 Nxe4 15. Bxe4 Bb7 16. Rad1 Bxe4 17. Qxe4 Nf6 18. Qe2 Nd5 19. Ne5 Rac8 20. Nd3 Bd4 21. Be5 Bxe5 22. Nxe5 b4 23. Rd2 Rc7 24. Rfd1 a5 25. Nf3 a4 26. Nd4 Qb6 27. Qe5 Rc5 28. Qe4 a3 29. Nb3 Rcc8 30. Qe5 f6 31. Qg3 axb2 32. Rd4 Nc3 33. R4d2 b1=Q 34. Rxb1 Nxb1 35. Rd7 Rf7 0-1

[Event "FIDE WCCC Girls-10 2024"]
[Site "Montesilvano"]
[Date "2024.11.20"]
[Round "6.5"]
[White "Nguyen Doan, Bao Anh Angelina"]
[Black "Nandinjiguur, Chinzorig"]
[Result "1-0"]
[Annotator "NA RC"]
[ECO "C45"]
[WhiteElo "1628"]
[BlackElo "1807"]
[PlyCount "139"]
[EventDate "2024.11.18"]
[EventType "swiss"]
[EventCountry "ITA"]
[SourceTitle "playchess.com"]
[Source "ChessBase"]
[SourceQuality "1"]
[TimeControl "5400+30"]

1. e4 e5 2. Nf3 Nc6 3. d4 exd4 4. Nxd4 Nf6 5. Nxc6 bxc6 6. Nd2 d5 7. exd5 cxd5 8. Bb5+ Bd7 9. Bxd7+ Qxd7 10. O-O Be7 11. b3 O-O 12. Bb2 c5 13. Qf3 Qg4 14. Rfe1 Qxf3 15. Nxf3 Rfe8 16. Rad1 d4 17. h3 Nd5 18. a4 Bf6 19. Ba3 Nc3 20. Rxe8+ Rxe8 21. Re1 Rxe1+ 22. Nxe1 c4 23. bxc4 Nxa4 24. Nd3 Nb6 25. c5 Nc8 26. c6 Bd8 27. Bc5 Bb6 28. Kf1 f6 29. Ke2 Kf7 30. Bxb6 axb6 31. Nb4 Ke6 32. Kd3 Kd6 33. Kxd4 Ne7 34. c7 Kxc7 35. Nd5+ Nxd5 36. Kxd5 Kd7 37. g3 g6 38. f3 h6 39. f4 g5 40. f5 h5 41. g4 hxg4 42. hxg4 b5 43. Kc5 b4 44. Kxb4 Kd6 45. c4 Ke5 46. c5 Kf4 47. c6 Kxg4 48. c7 Kxf5 49. c8=Q+ Kf4 50. Qc4+ Kg3 51. Qf1 g4 52. Qxf6 Kg2 53. Qb2+ Kh3 54. Qf2 g3 55. Qg1 g2 56. Kc3 Kg3 57. Kd3 Kf3 58. Kd2 Kg3 59. Ke2 Kf4 60. Qxg2 Kf5 61. Qd5+ Kf6 62. Kf3 Ke7 63. Qc6 Kf7 64. Qd6 Ke8 65. Qc7 Kf8 66. Qd7 Kg8 67. Kf4 Kf8 68. Kg5 Kg8 69. Kg6 Kf8 70. Qf7# 1-0

[Event "FIDE WCCC Girls-10 2024"]
[Site "Montesilvano"]
[Date "2024.11.20"]
[Round "6.6"]
[White "Ahmadli, Mehriban"]
[Black "Peng, Jingyi(Gd)"]
[Result "1-0"]
[Annotator "NA RC"]
[ECO "B30"]
[WhiteElo "1624"]
[BlackElo "1720"]
[PlyCount "45"]
[EventDate "2024.11.18"]
[EventType "swiss"]
[EventCountry "ITA"]
[SourceTitle "playchess.com"]
[Source "ChessBase"]
[SourceQuality "1"]
[TimeControl "5400+30"]

1. e4 c5 2. Nf3 Nc6 3. Nc3 e5 4. Bc4 d6 5. O-O Be7 6. h3 Nf6 7. Re1 O-O 8. a3 h6 9. d3 Nh7 10. Nd5 Bh4 11. c3 Kh8 12. b4 f5 13. bxc5 f4 14. cxd6 Bxh3 15. gxh3 Ng5 16. Kg2 Bxf2 17. Kxf2 Nxh3+ 18. Ke2 g5 19. Rh1 g4 20. Qf1 Rg8 21. Kd1 Qa5 22. Nd2 Raf8 23. Kc2 1-0

[Event "FIDE WCCC Girls-10 2024"]
[Site "Montesilvano"]
[Date "2024.11.20"]
[Round "6.7"]
[White "Anistoroaei, Maria"]
[Black "Pooja Shree R"]
[Result "0-1"]
[Annotator "NA RC"]
[ECO "E94"]
[WhiteElo "1715"]
[BlackElo "1615"]
[PlyCount "152"]
[EventDate "2024.11.18"]
[EventType "swiss"]
[EventCountry "ITA"]
[SourceTitle "playchess.com"]
[Source "ChessBase"]
[SourceQuality "1"]
[TimeControl "5400+30"]

1. d4 Nf6 2. c4 g6 3. Nc3 Bg7 4. e4 d6 5. Nf3 Nbd7 6. Be2 e5 7. O-O O-O 8. h3 exd4 9. Nxd4 Re8 10. f3 c6 11. Bg5 h6 12. Be3 d5 13. Qd2 c5 14. cxd5 cxd4 15. Bxd4 Nh5 16. Rfd1 Bxd4+ 17. Qxd4 Nf4 18. Bf1 Ne5 19. Qf2 Qg5 20. Kh2 Qf6 21. Rac1 Bd7 22. a4 a6 23. a5 Rac8 24. g3 Nh5 25. Be2 Ng7 26. Rd4 g5 27. Rf1 Ng6 28. Rb4 Rb8 29. Nd1 h5 30. Ne3 h4 31. Rg1 b5 32. axb6 Rxb6 33. Ng4 hxg3+ 34. Rxg3 Bxg4 35. Rxb6 Qf4 36. hxg4 Ne5 37. Kg2 Ng6 38. Rh3 Nh4+ 39. Rxh4 gxh4 40. Qxh4 Qe3 41. Qf2 Qc1 42. Bxa6 Rd8 43. b4 Qd1 44. Rc6 Ne6 45. Kg3 Kg7 46. Rc2 Ng5 47. Rd2 Qh1 48. Qg2 Qe1+ 49. Qf2 Qh1 50. Qf1 Qh6 51. e5 Rh8 52. Kf2 Ne4+ 53. fxe4 Qxd2+ 54. Kg3 Qh2+ 55. Kf3 Rh3+ 56. Qxh3 Qxh3+ 57. Ke2 Qxg4+ 58. Ke3 Qg3+ 59. Kd4 Qf2+ 60. Kc3 Qe1+ 61. Kd4 Qa1+ 62. Kc5 Qxa6 63. d6 Kf8 64. b5 Qb7 65. e6 fxe6 66. e5 Ke8 67. b6 Qd5+ 68. Kb4 Qxe5 69. b7 Qxd6+ 70. Ka4 Qa6+ 71. Kb4 Qxb7+ 72. Ka5 Qb3 73. Ka6 Qb4 74. Ka7 Kd7 75. Ka8 Kc7 76. Ka7 Qb7# 0-1

[Event "FIDE WCCC Girls-10 2024"]
[Site "Montesilvano"]
[Date "2024.11.20"]
[Round "6.8"]
[White "Mukhorina, Mariya Dm"]
[Black "Tran Hoang Bao An"]
[Result "0-1"]
[Annotator "NA RC"]
[ECO "B42"]
[WhiteElo "1567"]
[BlackElo "1714"]
[PlyCount "144"]
[EventDate "2024.11.18"]
[EventType "swiss"]
[EventCountry "ITA"]
[SourceTitle "playchess.com"]
[Source "ChessBase"]
[SourceQuality "1"]
[TimeControl "5400+30"]

1. e4 c5 2. Nf3 e6 3. d4 cxd4 4. Nxd4 a6 5. Bd3 Qc7 6. O-O Nf6 7. c4 Nc6 8. Nxc6 bxc6 9. Nc3 h6 10. Be3 d6 11. f4 Be7 12. Qe2 e5 13. f5 Bb7 14. Rac1 O-O 15. g4 Nh7 16. Qf2 c5 17. Nd5 Bxd5 18. exd5 Qd8 19. Qe2 Re8 20. Bc2 Rb8 21. b3 a5 22. Kg2 a4 23. bxa4 Bg5 24. Bxg5 Qxg5 25. Rb1 h5 26. h3 hxg4 27. hxg4 Nf6 28. Rxb8 Rxb8 29. Bd1 Nh5 30. Bb3 Nf4+ 31. Rxf4 Qxf4 32. Qf3 Qxf3+ 33. Kxf3 f6 34. Ke4 Kf7 35. Kf3 g6 36. Ke4 Rh8 37. Kf3 gxf5 38. gxf5 Kg7 39. Kg4 Kh6 40. Kh4 Re8 41. Bd1 e4 42. Kg4 e3 43. Kf3 Kg5 44. a5 Kxf5 45. a6 Kg5 46. a7 Ra8 47. Kxe3 Rxa7 48. a4 f5 49. Kf3 f4 50. Bc2 Ra8 51. Bd1 Kf5 52. Bc2+ Ke5 53. Bd1 Rf8 54. Be2 Kd4 55. Bf1 Ra8 56. a5 Ke5 57. a6 Rxa6 58. Be2 Ra3+ 59. Kf2 Ke4 60. Bh5 f3 61. Bg4 Ra2+ 62. Kf1 Ke3 63. Bxf3 Kxf3 64. Ke1 Rh2 65. Kd1 Re2 66. Kc1 Ke3 67. Kd1 Kd3 68. Kc1 Rd2 69. Kb1 Rc2 70. Ka1 Kc3 71. Kb1 Kb3 72. Ka1 Rc1# 0-1

[Event "FIDE WCCC Girls-10 2024"]
[Site "Montesilvano"]
[Date "2024.11.20"]
[Round "6.9"]
[White "Kuvandikova, Nafisa"]
[Black "Filippova, Milana"]
[Result "0-1"]
[Annotator "NA RC"]
[ECO "B42"]
[WhiteElo "1512"]
[BlackElo "1687"]
[PlyCount "118"]
[EventDate "2024.11.18"]
[EventType "swiss"]
[EventCountry "ITA"]
[SourceTitle "playchess.com"]
[Source "ChessBase"]
[SourceQuality "1"]
[TimeControl "5400+30"]

1. e4 c5 2. Nf3 e6 3. d4 cxd4 4. Nxd4 a6 5. Bd3 Nf6 6. Qe2 d6 7. O-O Qc7 8. c4 Nbd7 9. Nc3 Be7 10. Be3 b6 11. Rac1 Bb7 12. f3 O-O 13. b3 Rac8 14. Rfd1 Qb8 15. Qf2 Bd8 16. Nce2 Bc7 17. Ng3 d5 18. exd5 exd5 19. cxd5 Nxd5 20. Bd2 Ne5 21. Bb1 Ng6 22. Re1 Bf4 23. Bxf4 Qxf4 24. Rxc8 Rxc8 25. Ne4 b5 26. g3 Qc7 27. Kg2 Nge7 28. Qc2 Qa5 29. Qd2 Qb6 30. Nc2 Nf5 31. b4 a5 32. a3 axb4 33. axb4 Qc6 34. Rf1 g6 35. Nc5 Nxb4 36. Nxb4 Qxc5 37. Re1 Qc3 38. Qxc3 Rxc3 39. Be4 Bxe4 40. Rxe4 Rb3 41. Nd5 Nd6 42. Rb4 Rxb4 43. Nxb4 Kf8 44. Kf2 Ke7 45. Ke3 Nf5+ 46. Ke4 Kd6 47. g4 Ne7 48. h4 f5+ 49. Kd3 fxg4 50. fxg4 Nc6 51. Nxc6 Kxc6 52. h5 Kc5 53. hxg6 hxg6 54. Kc3 g5 55. Kb3 Kd4 56. Kb4 Ke4 57. Kxb5 Kf4 58. Kc4 Kxg4 59. Kd4 Kf5 0-1

[Event "FIDE WCCC Girls-10 2024"]
[Site "Montesilvano"]
[Date "2024.11.20"]
[Round "6.10"]
[White "Zhang, Weiai"]
[Black "Meng, Miranda"]
[Result "0-1"]
[Annotator "NA RC"]
[ECO "B12"]
[WhiteElo "1488"]
[BlackElo "1675"]
[PlyCount "168"]
[EventDate "2024.11.18"]
[EventType "swiss"]
[EventCountry "ITA"]
[SourceTitle "playchess.com"]
[Source "ChessBase"]
[SourceQuality "1"]
[TimeControl "5400+30"]

1. e4 c6 2. d4 d5 3. e5 c5 4. dxc5 e6 5. Be3 Nc6 6. Nf3 Nge7 7. c3 Qc7 8. Na3 a6 9. Bd4 Ng6 10. b4 Ncxe5 11. Nxe5 Nxe5 12. Be2 Ng6 13. g3 e5 14. Be3 Be6 15. Nc2 Ne7 16. Bf3 g6 17. Bg5 Bg7 18. Qd2 Rd8 19. Bh6 Bf6 20. Bg2 Rg8 21. h4 d4 22. Bg5 Bh8 23. cxd4 exd4 24. Bf4 Qc8 25. Na3 Nd5 26. Bg5 Rd7 27. Nc4 d3 28. Rc1 Qb8 29. Nd6+ Kf8 30. O-O f6 31. Bh6+ Bg7 32. Rfe1 Rxd6 33. cxd6 Qxd6 34. Bxg7+ Kxg7 35. Qxd3 Rd8 36. Red1 Qxb4 37. Rc4 Qe7 38. Bxd5 Rxd5 39. Rd4 Rxd4 40. Qxd4 Bxa2 41. Qa4 Be6 42. Re1 Qf7 43. Qe4 Bd5 44. Qb4 Kg8 45. Re7 Qf8 46. Qe1 Bc6 47. Qe6+ Kh8 48. Rf7 Qd8 49. Qxf6+ Qxf6 50. Rxf6 Kg7 51. Rf4 a5 52. Rd4 a4 53. Kf1 a3 54. Ke1 a2 55. Rd1 Be4 56. Ra1 Bb1 57. Kd2 Kf6 58. Kc1 Kf5 59. f3 Ke5 60. Kd2 b5 61. Kc3 h6 62. Kb4 Kd4 63. Kxb5 Kc3 64. Kc5 Kb2 65. Rxa2+ Bxa2 66. Kd4 Kc2 67. Ke3 Be6 68. g4 Kc3 69. h5 gxh5 70. gxh5 Bf7 71. Kf2 Bxh5 72. Kg3 Kd3 73. f4 Ke4 74. Kh4 Bd1 75. Kg3 h5 76. Kh2 Kxf4 77. Kh3 Kg5 78. Kg3 h4+ 79. Kh2 Kg4 80. Kg2 h3+ 81. Kh2 Bf3 82. Kg1 Kg3 83. Kf1 h2 84. Ke1 h1=Q+ 0-1

[Event "FIDE WCCC Girls-10 2024"]
[Site "Montesilvano"]
[Date "2024.11.20"]
[Round "6.11"]
[White "Norkulova, Malika"]
[Black "Artemenko, Isabella"]
[Result "1/2-1/2"]
[Annotator "NA RC"]
[ECO "A26"]
[WhiteElo "1480"]
[BlackElo "1637"]
[PlyCount "67"]
[EventDate "2024.11.18"]
[EventType "swiss"]
[EventCountry "ITA"]
[SourceTitle "playchess.com"]
[Source "ChessBase"]
[SourceQuality "1"]
[TimeControl "5400+30"]

1. c4 e5 2. Nc3 Nc6 3. g3 g6 4. Bg2 Bg7 5. e4 d6 6. Nge2 f5 7. d3 Nh6 8. O-O O-O 9. f4 Nf7 10. Rb1 Rb8 11. Be3 a6 12. Qd2 Bd7 13. a4 Ne7 14. b4 Qc8 15. c5 fxe4 16. dxe4 Bh3 17. b5 Bxg2 18. Kxg2 Qe6 19. b6 c6 20. Rbd1 Rbd8 21. Qc2 exf4 22. Bxf4 dxc5 23. Bc7 Rxd1 24. Rxd1 Ne5 25. Bd6 Nc4 26. Bxc5 Qf6 27. Qa2 Qf3+ 28. Kg1 Qf7 29. Bxe7 Qf2+ 30. Kh1 Qf3+ 31. Kg1 Qf2+ 32. Kh1 Qf3+ 33. Kg1 Qf2+ 34. Kh1 1/2-1/2

[Event "FIDE WCCC Girls-10 2024"]
[Site "Montesilvano"]
[Date "2024.11.20"]
[Round "6.12"]
[White "Zhumambayeva Aliya"]
[Black "Blakhina Viktoryia"]
[Result "1-0"]
[Annotator "NA RC"]
[ECO "A52"]
[WhiteElo "1607"]
[BlackElo "1436"]
[PlyCount "37"]
[EventDate "2024.11.18"]
[EventType "swiss"]
[EventCountry "ITA"]
[SourceTitle "playchess.com"]
[Source "ChessBase"]
[SourceQuality "1"]
[TimeControl "5400+30"]

1. d4 Nf6 2. c4 e5 3. dxe5 Ng4 4. e3 Nxe5 5. f4 Ng6 6. Nc3 Nc6 7. Bd3 Bb4 8. Nge2 d6 9. a3 Bxc3+ 10. Nxc3 Bd7 11. O-O O-O 12. b4 a6 13. Bb2 Re8 14. Nd5 Nce7 15. Nf6+ Kh8 16. Qh5 h6 17. Nxe8 Qxe8 18. Qxh6+ Kg8 19. Qxg7# 1-0

[Event "FIDE WCCC Girls-10 2024"]
[Site "Montesilvano"]
[Date "2024.11.20"]
[Round "6.13"]
[White "Yi, Ruiyu"]
[Black "Samhita Pungavanam"]
[Result "1-0"]
[Annotator "NA RC"]
[ECO "D85"]
[WhiteElo "1571"]
[BlackElo "1752"]
[PlyCount "89"]
[EventDate "2024.11.18"]
[EventType "swiss"]
[EventCountry "ITA"]
[SourceTitle "playchess.com"]
[Source "ChessBase"]
[SourceQuality "1"]
[TimeControl "5400+30"]

1. d4 Nf6 2. c4 g6 3. Nc3 d5 4. cxd5 Nxd5 5. e4 Nxc3 6. bxc3 Bg7 7. Be3 c5 8. Rc1 cxd4 9. cxd4 Nc6 10. Nf3 Bg4 11. d5 Ne5 12. Bb5+ Nd7 13. O-O O-O 14. h3 Bxf3 15. Qxf3 a6 16. Ba4 b5 17. Bb3 a5 18. Qg3 a4 19. Bd1 b4 20. f4 Qb8 21. e5 Nb6 22. Bf3 Ra5 23. Bc5 b3 24. axb3 axb3 25. Bxe7 b2 26. Rb1 Re8 27. Rxb2 Rxe7 28. Rfb1 Qa7 29. Rxb6 Rb7 30. Qf2 Ra2 31. Qc5 Bf8 32. d6 Ra5 33. Qxa5 Qxa5 34. Rxb7 Qc5+ 35. Kh2 Qd4 36. R1b4 Qd2 37. Rb8 Kg7 38. Rc4 Qd3 39. Rbc8 h6 40. R8c7 g5 41. e6 gxf4 42. e7 Qe3 43. exf8=Q+ Kxf8 44. d7 Qd2 45. Rc8+ 1-0

[Event "FIDE WCCC Girls-10 2024"]
[Site "Montesilvano"]
[Date "2024.11.20"]
[Round "6.14"]
[White "Bhavanya Panchumarthi"]
[Black "Wang, Mi Ya Mia"]
[Result "1-0"]
[Annotator "NA RC"]
[ECO "A47"]
[WhiteElo "1703"]
[BlackElo "1552"]
[PlyCount "47"]
[EventDate "2024.11.18"]
[EventType "swiss"]
[EventCountry "ITA"]
[SourceTitle "playchess.com"]
[Source "ChessBase"]
[SourceQuality "1"]
[TimeControl "5400+30"]

1. d4 d5 2. Bf4 Nf6 3. e3 e6 4. Nf3 Be7 5. Bd3 b6 6. O-O O-O 7. Ne5 Bb7 8. Nd2 Nbd7 9. Qf3 c5 10. c3 Re8 11. Qh3 a6 12. Ndf3 Ne4 13. Nxd7 Qxd7 14. Ne5 Qd8 15. f3 Nf6 16. Ng4 g6 17. Nh6+ Kg7 18. g4 Nd7 19. Nxf7 Qc8 20. Qh6+ Kg8 21. Bxg6 Nf6 22. Bxh7+ Kxf7 23. Qg6+ Kf8 24. Bh6# 1-0

[Event "FIDE WCCC Girls-10 2024"]
[Site "Montesilvano"]
[Date "2024.11.20"]
[Round "6.15"]
[White "Rekhviashvili, Mariam"]
[Black "Constantin-Ciuntu, Anne-Sophie"]
[Result "1/2-1/2"]
[Annotator "NA RC"]
[ECO "B22"]
[WhiteElo "1610"]
[BlackElo "1672"]
[PlyCount "161"]
[EventDate "2024.11.18"]
[EventType "swiss"]
[EventCountry "ITA"]
[SourceTitle "playchess.com"]
[Source "ChessBase"]
[SourceQuality "1"]
[TimeControl "5400+30"]

1. e4 c5 2. c3 d5 3. exd5 Qxd5 4. d4 Nf6 5. Nf3 Bg4 6. Be2 e6 7. h3 Bh5 8. O-O Be7 9. Be3 cxd4 10. cxd4 O-O 11. Nc3 Qa5 12. a3 Nc6 13. b4 Qd8 14. Rc1 Rc8 15. Ne5 Bxe2 16. Nxe2 Nd5 17. Nxc6 Rxc6 18. Rxc6 bxc6 19. Qc2 Qb6 20. Nc3 Qa6 21. Qb2 Rc8 22. Rc1 h6 23. Rc2 Nb6 24. Qc1 Nc4 25. Nb1 Nd6 26. Nd2 Nb5 27. Nc4 Bf6 28. Na5 Bxd4 29. Rxc6 Rxc6 30. Qxc6 Qxc6 31. Nxc6 Bxe3 32. fxe3 Nxa3 33. Nxa7 Kf8 34. Kf2 Ke8 35. Nc6 f6 36. Nd4 Kd7 37. Ke2 g6 38. Kd3 e5 39. Nf3 Ke6 40. Nd2 Kd5 41. Ne4 f5 42. Nc3+ Kc6 43. g3 Nb5 44. Na4 Nd6 45. Nc3 e4+ 46. Ke2 Nb5 47. Na4 Nc7 48. g4 Kb5 49. Nc5 Kxb4 50. Nd7 Nd5 51. Ne5 Ne7 52. Nf7 Ng8 53. Ne5 fxg4 54. Nxg4 Kc5 55. Ne5 g5 56. Nf7 Kd5 57. Kf2 Ke6 58. Nd8+ Kf5 59. Kg3 h5 60. Nf7 Nf6 61. Nd6+ Ke6 62. Nc4 Kd5 63. Nd2 h4+ 64. Kf2 Kc5 65. Nb3+ Kc4 66. Nc1 Kc3 67. Na2+ Kd2 68. Nb4 g4 69. Kg2 g3 70. Nc6 Kxe3 71. Ne5 Kd2 72. Ng6 e3 73. Nxh4 Nh5 74. Nf3+ Kd3 75. Ne5+ Kd2 76. Nc4+ Ke2 77. Nb2 Ke1 78. Kf3 Kf1 79. Nc4 e2 80. Nd2+ Ke1 81. Ne4 1/2-1/2

[Event "FIDE WCCC Girls-10 2024"]
[Site "Montesilvano"]
[Date "2024.11.20"]
[Round "6.16"]
[White "Sun, Yucan(Sd)"]
[Black "Pham, Nhu Y"]
[Result "0-1"]
[Annotator "RC"]
[ECO "B11"]
[WhiteElo "1725"]
[BlackElo "1914"]
[PlyCount "86"]
[EventDate "2024.11.18"]
[EventType "swiss"]
[EventCountry "ITA"]
[SourceTitle "playchess.com"]
[Source "ChessBase"]
[SourceQuality "1"]
[TimeControl "5400+30"]

1. e4 c6 2. Nc3 d5 3. Nf3 Bg4 4. h3 Bxf3 5. Qxf3 e6 6. d4 Nf6 7. Be2 Be7 8. e5 Nfd7 9. Qg4 g6 10. Bh6 c5 11. Bb5 a6 12. Bxd7+ Nxd7 13. Nd1 Rc8 14. c3 cxd4 15. Qxd4 Rc4 16. Qd2 Re4+ 17. Ne3 Nxe5 18. O-O Bg5 19. Bg7 Nc4 20. Qd3 Nxe3 21. Bxh8 Nxf1 22. Rxf1 f6 23. Rd1 Qc8 24. f3 Rc4 25. Re1 Kf7 26. Qe2 Rc6 27. Bxf6 Bxf6 28. f4 d4 29. cxd4 Bxd4+ 30. Kh1 Rc2 31. Qe4 Qc6 32. Qxc6 bxc6 33. Rd1 c5 34. b4 Rxa2 35. bxc5 Bxc5 36. Rd7+ Be7 37. Ra7 a5 38. Kh2 a4 39. Kg3 a3 40. Kf3 Rb2 41. g3 a2 42. h4 Rb3+ 43. Kg2 Ra3 0-1

[Event "FIDE WCCC Girls-10 2024"]
[Site "Montesilvano"]
[Date "2024.11.20"]
[Round "6.17"]
[White "Mohamed Ahmed, Ghidaa"]
[Black "Isakhanyan, Nare"]
[Result "0-1"]
[Annotator "NA RC"]
[ECO "B17"]
[WhiteElo "1638"]
[BlackElo "1540"]
[PlyCount "75"]
[EventDate "2024.11.18"]
[EventType "swiss"]
[EventCountry "ITA"]
[SourceTitle "playchess.com"]
[Source "ChessBase"]
[SourceQuality "1"]
[TimeControl "5400+30"]

1. e4 c6 2. d4 d5 3. Nd2 dxe4 4. Nxe4 Nd7 5. Nf3 Ngf6 6. Nxf6+ Nxf6 7. h3 Bf5 8. Bd3 Bxd3 9. Qxd3 e6 10. c3 Be7 11. O-O O-O 12. Be3 Nd5 13. Rad1 Qb6 14. Rd2 h6 15. Re1 Rfd8 16. Qc2 Rac8 17. Qd1 c5 18. a4 Nxe3 19. Rxe3 cxd4 20. cxd4 Bf6 21. Rc3 Rxc3 22. bxc3 Rc8 23. Qa1 Qa5 24. Rd3 Rc4 25. Qb2 Qc7 26. Qb3 Qc6 27. Qb5 Rxa4 28. Qb1 Qa6 29. Rd1 Qc6 30. Qb3 Rc4 31. Rd3 Qc7 32. Nd2 Rc6 33. Ne4 Be7 34. Rg3 a5 35. Qa4 Qb6 36. Qa2 Qb5 37. Nd2 Qe2 38. Qb1 0-1

[Event "FIDE WCCC Girls-10 2024"]
[Site "Montesilvano"]
[Date "2024.11.20"]
[Round "6.18"]
[White "Kravchuk, Daria"]
[Black "Bayramova, Aya"]
[Result "0-1"]
[Annotator "NA RC"]
[ECO "E09"]
[WhiteElo "1569"]
[BlackElo "1634"]
[PlyCount "102"]
[EventDate "2024.11.18"]
[EventType "swiss"]
[EventCountry "ITA"]
[SourceTitle "playchess.com"]
[Source "ChessBase"]
[SourceQuality "1"]
[TimeControl "5400+30"]

1. d4 d5 2. c4 e6 3. Nf3 Nf6 4. g3 c6 5. Qc2 Nbd7 6. Bg2 Be7 7. O-O O-O 8. Nbd2 Re8 9. Rd1 Bd6 10. e4 dxe4 11. Nxe4 Nxe4 12. Qxe4 Nf6 13. Qc2 Qe7 14. Bg5 h6 15. Bd2 c5 16. Bc3 cxd4 17. Nxd4 a6 18. Rd2 e5 19. Nf5 Bxf5 20. Qxf5 Bb4 21. Rc1 Rac8 22. Bxb4 Qxb4 23. Qc2 b5 24. c5 Rxc5 25. Qxc5 Qxd2 26. Qc3 Rd8 27. Bb7 Qd6 28. Qc6 Qd4 29. Bxa6 Qxb2 30. Rc2 Qb1+ 31. Rc1 Qb2 32. Rc2 Qb1+ 33. Rc1 Qxa2 34. Bxb5 e4 35. Rc2 Qb1+ 36. Kg2 Qd1 37. Be2 Qd4 38. Rc1 Qe5 39. Qc7 Qxc7 40. Rxc7 Rd2 41. Kf1 Nd5 42. Rc8+ Kh7 43. Ke1 Rb2 44. Rc5 Nb4 45. Rb5 Nc2+ 46. Kd2 Nb4+ 47. Ke1 Kg6 48. f3 exf3 49. Bc4 f5 50. Kf1 Kg5 51. Be6 Rb1+ 0-1